 Seeded DCSS version 0.31-a0-983-g7b6862f502 (webtiles) character file.

Game seed: 13263922787007048489 (custom seed)

35 thriggle the Trooper (level 3, 0/45 HPs)
             Began as a Barachi Fighter on Nov 2, 2023.
             Slain by a hobgoblin (3 damage)
             ... on level 2 of the Dungeon.
             The game lasted 00:02:54 (939 turns).

thriggle the Trooper (Barachi Fighter)               Turns: 939, Time: 00:02:55

Health: 0/45       AC: 21    Str: 17    XL:     3   Next: 35%
Magic:  3/3        EV:  2    Int:  8    God:
Gold:   73         SH:  5    Dex: 13    Spells: 2/2 levels left

rFire   . . .        a - +0 long sword
rCold   . . .        c - +0 buckler
rNeg    . . .        b - melded +0 scale mail
rPois   +            (helmet currently unavailable)
rElec   .            (cloak currently unavailable)
rCorr   .            (gloves currently unavailable)
SInv    .            (boots currently unavailable)
Will    +....        (no amulet)
Stlth   +            (no ring)
HPRegen 0.27/turn    (no ring)
MPRegen 0.08/turn

%: no passive effects
@: brilliant, tree-form, enlightened, hasted, invisible, very quick
A: stationary, stasis, torment immunity, boosted hp, (amphibious), (slowness 1),
(strong legs 1), +LOS
a: no special abilities


You were on level 2 of the Dungeon.
You were a tree.
You visited 1 branch of the dungeon, and saw 2 of its levels.

You collected 73 gold pieces.

Inventory:

Hand Weapons
 a - a +0 long sword (weapon)
Armour
 b - a +0 scale mail (melded)
 c - a +0 buckler (worn)
Scrolls
 f - 2 scrolls of teleportation {unknown}
 j - a scroll of identify {unknown}
 k - a scroll of vulnerability {unknown}
 m - a scroll of acquirement {unknown}
Potions
 d - 2 potions of might
 h - a potion of invisibility


   Skills:
 + Level 4.1 Fighting
 + Level 3.0 Long Blades
 + Level 4.1 Armour
 + Level 3.7 Shields


You had 2 spell levels left.
You didn't know any spells.
Your spell library was empty.

Dungeon Overview and Level Annotations

Branches:
Dungeon (2/15)

Altars:


Innate Abilities, Weirdness & Mutations

You are a tree.
Your roots penetrate the ground, keeping you stationary.
You cannot be teleported.
You are immune to unholy pain and torment.
Your maximum health is greatly increased.
Your equipment is partially melded.
((You are amphibious.))
((You cover ground slowly.))
((You can hop short distances.))
You have an extended range of vision and can be seen from far away.


Message History

* * * LOW HITPOINT WARNING * * *
You block the hobgoblin's attack.
It was a potion of enlightenment.
You feel very buoyant.
You fly up into the air.
The adder bites you but does no damage. You block the hobgoblin's attack.
It was a potion of lignification.
You turn into a tree.
Your +0 scale mail melds into your body.
Your roots penetrate the ground.
The adder bites you but does no damage. x2
You block the hobgoblin's attack.
It was a potion of invisibility.
You fade into invisibility!
The adder bites you but does no damage. The hobgoblin hits you.
* * * LOW HITPOINT WARNING * * *
It was a potion of brilliance.
You feel clever all of a sudden. The adder bites you but does no damage.
The hobgoblin hits you but does no damage.
It was a potion of haste.
You feel yourself speed up. The adder bites you but does no damage.
The hobgoblin completely misses you. The adder bites you but does no damage.
You closely miss the adder.
The adder is severely wounded.
The adder bites you but does no damage.
The hobgoblin hits you but does no damage.
You completely miss the adder.
The adder is severely wounded.
The adder bites you but does no damage.
You miss the adder.
The adder is severely wounded.
The hobgoblin hits you but does no damage.
The adder barely misses you.
You closely miss the adder.
The adder is severely wounded.
The adder bites you but does no damage.
The hobgoblin hits you but does no damage.
You barely miss the adder.
The adder is severely wounded.
You block the adder's attack. The hobgoblin hits you.
You die...

........##...##†#### ...
........#.........# .##
........#....##.#.......#
.......#....#..........#
.......#..#.#..##......#
..)....##.#...## ......
#....#.#.# ###.#
#Sg###.#.# # #.♣# ###..
#.†# #### #..# #..# #..#
#..# #..# #..# #..#


You could see an adder (unable to see you) and a hobgoblin (unable to see you).

Vanquished Creatures
  An adder (D:2)
  3 bats (D:1)
  2 endoplasms (D:1)
  2 giant cockroaches (D:1)
  2 goblins (D:1)
  4 hobgoblins (D:1)
  A quokka (D:1)
  3 ball pythons
  2 frilled lizards (D:1)
  4 kobolds (D:1)
  A rat (D:2)
25 creatures vanquished.

Notes
Turn   | Place    | Note
-------+----------+-------------------------------------------
     0 | D:1      | thriggle the Barachi Fighter began the quest for the Orb.
     0 | D:1      | Reached XP level 1. HP: 18/18 MP: 1/1
   116 | D:1      | Reached XP level 2. HP: 11/25 MP: 2/2
   830 | D:2      | Reached XP level 3. HP: 30/30 MP: 3/3
   929 | D:2      | HP: 1/30 [adder (2)]
   939 | D:2      | Slain by a hobgoblin

Illustrated notes

Levels and vault maps discovered:
D:1:      psy_arrival_fountain, layout_basic, minmay_hexomino_f4
D:2:      layout_basic, serial_shops, shop, basic_altar, st_stairs_6,
          skrybe_limestone_x

Skill      XL: |  1  2 |
---------------+-------+-----
Fighting       | 4 |  4.1
Armour         | 4 |  4.1
Long Blades    | 3 |  3.0
Shields        | |  3.7

Action                     || total
---------------------------++-------
  Melee: Long sword        ||    67
    Use: Potion            ||     5
 Armour: Scale mail        ||    61
         Skin              ||    15
  Dodge: Dodged            ||    46
  Block: Buckler           ||    19

Table legend: (Time is in decaauts)
 A = Elapsed time spent in this place.
 B = Non-inter-level travel time spent in this place.
 C = Inter-level travel time spent in this place.
 D = Time resting spent in this place.
 E = Time spent auto-exploring this place.
 F = Levels seen in this place.
 G = Mean time per level.
                   A        B        C        D        E       F      G
               +--------+--------+--------+--------+--------+-----+--------+
         Total |   1100 |   1081 |     19 |      0 |    684 |   2 |  550.0 |
       Dungeon |   1100 |   1081 |     19 |      0 |    684 |   2 |  550.0 |
               +--------+--------+--------+--------+--------+-----+--------+

Top non-repeatable levels by time:
     D:1: 909 daAuts
     D:2: 191 daAuts
